Map: 零纪元-天梯版

Players

PSiArc

  • Race: Terran Terran
  • League: Platinum

Ryu - Winner!

  • Race: Zerg Zerg

Event: WESG 2018 Grand Finals

VOD

Have the link to the VOD?

Description

Time

  • Played on: March 12, 2019, 3:01 a.m.
  • Length: 19:04

All games in this series

Show
View Real Time Build Order
Export as new Build Order

PSiArc Terran 

Build Orders:  

Get SALT Encoding   

  12  0:00  SCV  
  13  0:13  SCV  
  14  0:18  Supply Depot  
  14  0:25  SCV  
  15  0:40  SCV  
  16  0:49  Barracks  
  16  1:01  Barracks  
  16  1:09  Barracks  
  16  1:14  SCV  
  18  1:36  Orbital Command, Marine  
  18  1:42  Supply Depot  
  18  1:48  Marine  
  18  1:53  Marine  
  20  1:57  Marine  
  21  2:06  Marine  
  21  2:07  Bunker  
  22  2:11  Marine  
  23  2:15  Marine  
  23  2:16  SCV  
  25  2:23  Marine  
  25  2:29  Marine  
  27  2:36  Marine  
  28  2:41  Marine, SCV  
  30  2:44  Refinery  
  30  2:46  Supply Depot  
  30  2:47  Marine  
  29  2:55  Marine  
  29  2:59  Marine  
  29  3:05  Marine  
  28  3:13  Marine  
  28  3:17  Marine, SCV  
  26  3:22  Marine  
  26  3:26  Refinery  
  25  3:29  SCV  
  25  3:31  Marine  
  27  3:35  Marine  
  27  3:40  Marine  
  29  3:41  SCV  
  30  3:49  Marine  
  30  3:53  SCV  
  31  4:01  Bunker, Factory  
  31  4:13  SCV  
  30  4:27  SCV  
  30  4:29  Command Center  
  31  4:39  SCV  
  31  4:44  Factory Tech Lab  
  31  4:45  Starport  
  32  4:51  SCV  
  33  5:05  SCV  
  33  5:07  Siege Tank  
  37  5:08  Supply Depot  
  36  5:22  Starport Tech Lab  
  36  5:25  SCV  
  37  5:37  Command Center  
  37  5:41  Raven  
  39  5:50  SCV  
  39  5:53  Orbital Command  
  40  6:04  SCV  
  41  6:14  Factory Tech Lab, Barracks Reactor  
  41  6:16  SCV  
  42  6:18  Marine  
  42  6:19  Stimpack  
  42  6:22  SCV  
  42  6:25  Banshee  
  47  6:29  SCV  
  48  6:36  Engineering Bay  
  48  6:37  Engineering Bay, SCV  
  49  6:41  Marine, SCV  
  51  6:47  Siege Tank  
  51  6:50  Orbital Command  
  51  6:51  SCV  
  55  6:54  Refinery  
  55  6:56  Refinery  
  55  6:58  Marine, SCV  
  55  7:00  Marine x2  
  59  7:03  Terran Infantry Weapons Level 1, SCV  
  60  7:10  SCV  
  60  7:14  Terran Infantry Armor Level 1  
  61  7:16  Marine  
  61  7:17  SCV x2  
  61  7:22  SCV  
  65  7:25  Supply Depot  
  65  7:29  SCV x2  
  67  7:31  Marine x2  
  67  7:32  Starport Reactor  
  67  7:34  SCV  
  70  7:41  SCV x2  
  72  7:44  Supply Depot  
  72  7:46  SCV  
  72  7:47  Marine  
  74  8:00  SCV x2  
  74  8:01  Marine x2, Siege Tank  
  81  8:08  Marine  
  81  8:09  Medivac x2  
  81  8:12  Supply Depot  
  86  8:13  SCV  
  86  8:15  Barracks  
  86  8:16  Barracks, Refinery  
  86  8:17  Armory  
  86  8:18  Barracks  
  87  8:20  SCV  
  87  8:21  Orbital Command  
  87  8:24  Marine x2  
  87  8:25  Marine  
  91  8:28  Combat Shield, SCV  
  92  8:42  SCV  
  92  8:43  Medivac x2, Marine x3  
  92  8:44  SCV  
  101  9:04  Barracks Reactor x2  
  101  9:05  Barracks Reactor  
  101  9:06  Terran Vehicle Weapons Level 1  
  101  9:11  Terran Infantry Weapons Level 2  
  101  9:17  Marine x3, SCV x3, Supply Depot x2  
  107  9:29  SCV x2  
  109  9:34  Supply Depot  
  109  9:35  Supply Depot  
  109  9:36  Supply Depot  
  109  9:38  Marine x2, SCV  
  112  9:41  SCV x2  
  114  9:49  Marine x2  
  114  9:50  SCV  
  114  9:52  Marine x3  
  117  9:53  Marine x2, SCV, Siege Tank  
  96  10:08  Marine x2  
  96  10:09  SCV  
  96  10:10  Marine x3  
  96  10:11  SCV x2  
  96  10:12  Marine  
  95  10:14  Marine  
  96  10:21  SCV  
  96  10:26  Marine  
  96  10:27  Siege Tank  
  102  10:28  Marauder  
  102  10:33  Marine  
  102  10:34  Marine x3  
  106  10:42  Marine x3  
  109  10:43  Medivac x2  
  109  10:48  Marine  
  116  10:50  Marauder  
  116  10:51  Marine  
  116  10:52  Terran Infantry Armor Level 2  
  116  10:53  Marine, Factory  
  116  10:56  Marine  
  116  10:57  Marine  
  119  10:59  Marine, Liberator  
  119  11:00  Siege Tank, Liberator  
  124  11:05  Marine  
  124  11:06  Marine  
  128  11:11  Marauder  
  128  11:14  Marine  
  128  11:15  Marine x2  
  128  11:16  Refinery  
  137  11:20  Marine  
  137  11:22  Supply Depot  
  137  11:24  Supply Depot  
  138  11:32  Marauder  
  140  11:37  Marine x6  
  140  11:38  Siege Tank  
  149  11:40  Terran Infantry Weapons Level 3  
  149  11:44  Siege Tank  
  149  11:47  Liberator x2  
  152  11:51  SCV  
  152  11:54  Marauder  
  155  11:56  Command Center  
  155  12:03  Marine x3  
  164  12:17  Missile Turret  
  164  12:19  Missile Turret  
  155  12:26  Missile Turret  
  148  12:35  Liberator x2  
  148  12:36  SCV  
  148  12:38  Marine x3  
  148  12:39  Marine, Siege Tank x2  
  151  12:52  Marine  
  158  13:01  Marine  
  158  13:05  Marine  
  160  13:06  Marauder, Marine x2  
  160  13:09  Marine  
  165  13:23  Liberator x2  
  165  13:24  Missile Turret  
  165  13:27  Marine  
  165  13:28  Marauder  
  165  13:30  Marine x3  
  165  13:31  Marine, Siege Tank x2  
  177  13:34  Supply Depot  
  177  13:35  Supply Depot  
  183  13:52  Planetary Fortress  
  175  13:58  Marine  
  175  13:59  Marauder  
  178  14:10  Marine x2  
  178  14:11  Marine, Siege Tank x2  
  178  14:13  Terran Infantry Armor Level 3  
  187  14:19  Refinery  
  187  14:21  Refinery  
  187  14:22  Marine x4  
  187  14:23  Marine x2  
  193  14:33  Marine x2  
  193  14:37  Liberator x2, Command Center  
  193  14:50  Missile Turret  
  193  14:51  Marine  
  189  14:52  Missile Turret  
  189  14:55  Marine x3  
  193  15:06  SCV x4  
  180  15:15  Marine x3  
  180  15:16  Marine  
  184  15:25  Marine x4  
  184  15:26  Marauder  
  184  15:27  Terran Vehicle Weapons Level 2  
  190  15:37  Marine x3  
  190  15:38  Siege Tank x2  
  199  15:48  Marine  
  200  16:10  Barracks  
  200  16:11  Barracks x2  
  199  16:19  Liberator x2  
  149  16:34  Marine  
  149  16:35  Marauder, Marine x5  
  149  16:36  Siege Tank x2  
  149  16:39  Planetary Fortress  
  153  16:42  Marine  
  154  16:56  Marauder  
  142  17:09  Marine x2  
  142  17:10  Liberator x2  
  142  17:11  Marine, Siege Tank x2  
  151  17:28  Marine  
  158  17:33  Marine x2  
  158  17:34  Marauder  
  111  18:22  Marine  
  111  18:23  Marauder, Marine  
  111  18:24  Marine  
  111  18:25  Medivac x2  
  109  18:27  Marine  
  109  18:32  Marine x2  
  111  18:35  Marine  
Show
View Real Time Build Order
Export as new Build Order

Ryu Zerg - Winner!

Build Orders: Hatch First 

Get SALT Encoding   

  12  0:01  Drone  
  13  0:13  Overlord  
  13  0:18  Drone  
  14  0:31  Drone x2  
  14  0:35  Drone  
  17  0:53  Hatchery  
  17  0:56  Drone  
  17  1:00  Extractor  
  17  1:01  Drone  
  17  1:15  Spawning Pool  
  16  1:18  Drone  
  16  1:22  Drone  
  18  1:31  Drone  
  19  1:51  Overlord  
  19  1:59  Drone  
  19  2:00  Extractor  
  19  2:04  Queen  
  19  2:06  Roach Warren  
  19  2:08  Zergling x2  
  19  2:12  Drone  
  21  2:18  Drone  
  22  2:25  Drone  
  22  2:46  Roach x3  
  27  2:57  Roach  
  23  3:11  Roach  
  18  3:26  Ravager  
  18  3:27  Ravager  
  20  3:32  Drone  
  21  3:39  Drone  
  22  3:41  Drone  
  22  3:48  Drone  
  24  3:54  Drone  
  25  3:58  Drone  
  25  4:01  Drone  
  27  4:06  Drone  
  28  4:14  Drone x2  
  30  4:19  Drone x2  
  32  4:32  Queen  
  32  4:38  Queen  
  36  4:42  Overlord  
  36  4:53  Overlord  
  36  5:00  Drone x2  
  36  5:02  Drone  
  36  5:05  Drone x2  
  41  5:11  Drone  
  42  5:21  Drone x2  
  44  5:24  Drone  
  44  5:26  Drone  
  44  5:27  Queen  
  48  5:32  Pneumatized Carapace  
  48  5:37  Drone  
  49  5:43  Hatchery  
  49  5:46  Drone x2  
  49  5:49  Overlord  
  50  5:54  Overlord  
  50  6:00  Drone x2  
  52  6:08  Drone x2  
  52  6:09  Lair  
  52  6:11  Drone x2  
  56  6:17  Queen  
  58  6:20  Drone  
  58  6:25  Extractor  
  58  6:29  Drone  
  58  6:31  Baneling Nest, Drone x3  
  61  6:41  Drone x3  
  61  6:44  Extractor  
  63  6:48  Drone x3  
  63  6:52  Queen  
  67  7:04  Drone x4  
  71  7:11  Evolution Chamber  
  71  7:12  Overlord  
  71  7:13  Overlord x2  
  71  7:14  Evolution Chamber  
  69  7:16  Centrifical Hooks  
  69  7:20  Overlord  
  69  7:27  Overlord  
  69  7:30  Queen  
  69  7:31  Drone  
  69  7:32  Drone x3  
  69  7:33  Drone x2  
  69  7:35  Drone  
  78  7:39  Drone  
  78  7:43  Overseer  
  79  7:46  Zergling x6  
  79  7:47  Ravager x2  
  79  7:50  Metabolic Boost  
  80  8:02  Drone x4  
  80  8:03  Zergling x6, Drone x2  
  89  8:12  Zerg Ground Armor Level 1, Extractor  
  88  8:18  Drone x3  
  88  8:19  Drone x3  
  94  8:20  Extractor  
  93  8:30  Queen, Zerg Melee Weapons Level 1  
  95  8:34  Hatchery  
  95  8:36  Zergling x6  
  95  8:40  Overlord x2  
  97  8:52  Zergling x2  
  97  8:53  Overlord x4  
  97  8:54  Overseer  
  97  8:55  Baneling x4  
  98  8:56  Baneling x3  
  98  8:59  Zergling x8  
  98  9:00  Spore Crawler  
  101  9:07  Baneling  
  101  9:08  Baneling  
  101  9:09  Zergling x14  
  108  9:15  Zergling x10  
  113  9:20  Zergling x4  
  115  9:26  Zergling x4  
  115  9:30  Infestation Pit  
  116  9:34  Zergling x2  
  116  9:37  Baneling x6  
  116  9:38  Baneling x8  
  117  9:43  Zergling x2  
  117  9:44  Zergling x10  
  123  9:52  Zergling x14  
  117  10:04  Zergling x12  
  104  10:12  Drone x3  
  105  10:16  Spire  
  105  10:19  Queen  
  104  10:23  Zerg Ground Armor Level 2  
  104  10:30  Zerg Melee Weapons Level 2  
  104  10:32  Drone  
  104  10:35  Drone x3  
  108  10:38  Baneling x4  
  108  10:39  Baneling  
  108  10:51  Baneling x4  
  108  10:52  Drone x3  
  108  10:57  Baneling x3  
  111  10:59  Drone x3  
  111  11:00  Drone x2  
  111  11:01  Drone x4  
  120  11:19  Spore Crawler  
  120  11:23  Extractor  
  118  11:29  Overlord x3  
  118  11:30  Mutalisk x8  
  134  11:32  Zerg Flyer Weapons Level 1  
  134  11:36  Extractor  
  134  11:39  Zergling x6  
  135  11:49  Zergling x22  
  145  11:54  Baneling x5  
  145  11:56  Mutalisk x2  
  145  11:57  Mutalisk  
  145  12:00  Drone x3  
  145  12:01  Drone  
  154  12:04  Zergling x6  
  157  12:11  Mutalisk  
  157  12:13  Overlord x2  
  157  12:14  Overlord x2  
  154  12:26  Hive  
  154  12:33  Mutalisk x5  
  153  12:45  Zergling x16  
  153  12:46  Zergling x4  
  153  12:50  Hatchery  
  157  13:05  Zergling x24  
  169  13:07  Mutalisk  
  169  13:08  Mutalisk  
  169  13:09  Baneling  
  169  13:10  Baneling x6  
  173  13:19  Roach x4  
  176  13:33  Zergling x12  
  182  13:34  Drone  
  182  13:40  Adrenal Glands  
  183  13:43  Zerg Ground Armor Level 3, Ultralisk Cavern, Zerg Melee Weapons Level 3  
  166  13:57  Spore Crawler  
  166  13:58  Ravager x4, Spore Crawler  
  166  14:01  Zergling x10  
  171  14:12  Overlord  
  171  14:14  Zergling x2  
  171  14:15  Zergling x18  
  181  14:20  Burrow  
  181  14:24  Drone x2  
  183  14:25  Baneling x3  
  183  14:29  Baneling x2  
  183  14:33  Chitinous Plating  
  183  14:34  Ultralisk  
  189  14:44  Hatchery  
  161  15:16  Ultralisk x4  
  185  15:22  Drone x2  
  185  15:23  Drone  
  185  15:24  Extractor  
  185  15:25  Drone x5  
  185  15:26  Drone, Extractor  
  192  15:34  Zergling x2  
  192  15:35  Zergling x18  
  194  15:43  Greater Spire, Spire  
  194  15:45  Baneling x3  
  194  15:49  Zergling x14  
  200  15:51  Anabolic Synthesis  
  200  16:04  Baneling x4  
  200  16:05  Baneling x7  
  200  16:13  Baneling x3  
  197  16:20  Spore Crawler  
  197  16:23  Spore Crawler  
  171  16:36  Ultralisk x4  
  171  16:39  Zergling x16  
  183  16:40  Zergling x10  
  185  16:49  Zergling x20  
  195  17:01  Viper x3  
  179  17:04  Zergling x2  
  179  17:05  Zergling x18  
  198  17:11  Baneling x4  
  190  17:23  Ultralisk  
  190  17:25  Baneling x7  
  190  17:26  Baneling x4  
  195  17:33  Drone x2  
  197  17:49  Zergling x4  
  190  18:16  Viper x2  
  190  18:17  Viper  
  155  18:23  Zergling x26  
  155  18:24  Zergling x10  
  155  18:33  Zergling x6  
  155  18:34  Zergling x10  
  142  18:38  Zergling x2  
  142  18:39  Zergling x4  
  175  18:42  Baneling x11  
  175  18:43  Baneling x2  
  175  18:51  Overseer  
Tags
 
Add a new tag
Caveats
  • Supply blocks, unpowered buildings, or Contaminate may cause inaccurate times.
  • Supply counts are checked every 10 seconds.